 Dungeon Crawl Stone Soup version 0.23-a0-4-g8f018a2 (webtiles) character file.

52 prawnwizard the Slasher (level 3, -2/28 HPs)
             Began as a Demonspawn Gladiator on July 31, 2018.
             Killed by nerve-wracking pain
             ... invoked by an orc priest
              (8 damage)
             ... on level 2 of the Dungeon.
             The game lasted 00:01:30 (1212 turns).

prawnwizard the Slasher (Demonspawn Gladiator)      Turns: 1212, Time: 00:01:31

Health: -2/28      AC:  8    Str: 15    XL:     3   Next: 60%
Magic:  3/3        EV: 12    Int:  9    God:
Gold:   44         SH:  0    Dex: 14    Spells: 2/2 levels left

rFire    + . .     SeeInvis .   a - +0 long sword
rCold    + . .     Gourm    .   (no shield)
rNeg     . . .     Faith    .   g - +0 ring mail
rPois    .         Spirit   .   (helmet restricted)
rElec    .         Reflect  .   e - scarf {rC+ rF+}
rCorr    .         Harm     .   j - +0 pair of gloves
MR       .....                  (no boots)
Stlth    +.........             (no amulet)
HPRegen  0.09/turn              (no ring)
MPRegen  0.08/turn              (no ring)

@: no status effects
A: horns 1, slimy green scales 1
a: no special abilities


You were on level 2 of the Dungeon.
You were not hungry.

You visited 1 branch of the dungeon, and saw 2 of its levels.

You collected 44 gold pieces.

Inventory:

Hand Weapons
 a - a +0 long sword (weapon)
Missiles
 d - 3 throwing nets (quivered)
Armour
 e - a scarf of resistance (worn)
 g - a +0 ring mail (worn)
 j - a +0 pair of gloves (worn)
Scrolls
 h - a scroll of teleportation {unknown}
 i - a scroll of identify {unknown}
Potions
 b - a potion of magic {unknown}
 c - a potion of cancellation {unknown}
 k - a potion of curing {unknown}
Comestibles
 f - 3 rations


   Skills:
 + Level 2.6 Fighting
 * Level 3.5 Long Blades
 - Level 1.7 Throwing
 + Level 3.1 Dodging


You had 2 spell levels left.
You didn't know any spells.
Your spell library was empty.

Dungeon Overview and Level Annotations

Branches:
Dungeon (2/15)

Altars:


Innate Abilities, Weirdness & Mutations

You have a pair of small horns on your head.
You are partially covered in slimy green scales. (AC +2)


Message History

You barely miss the orc priest.
The orc priest is moderately wounded.
The orc priest hits you but does no damage.
The orc hits you but does no damage. The orc barely misses you.
The orc hits you but does no damage. The orc priest misses you.
You hit the orc priest.
The orc priest is heavily wounded.
The orc completely misses you. The orc misses you.
You riposte.
You barely miss the orc. You headbutt the orc.
The orc is heavily wounded.
The orc hits you but does no damage. The orc priest closely misses you.
The orc hits you but does no damage.
You barely miss the orc priest. Your headbutt misses the orc priest.
The orc priest is heavily wounded.
The orc hits you with a whip.
* * * LOW HITPOINT WARNING * * *
The orc barely misses you.
The orc priest mumbles some strange prayers to Beogh against you.
Pain shoots through your body!
You die...

#....... ######......
.......... ...
........
.....#####.....
..........(...########
..............oo.....#
.............@8...8..
.......##..)oo......
#..#.#............
#................. ##.
#......##..8...8.. #..
#.#....##........# #.#
#..<......########
#.#####......>....
...##.............


You could see an orc priest and 3 orcs.

Vanquished Creatures
  Robin (D:2)
  A dart slug (D:2)
  2 leopard geckos
  2 orcs (D:2)
  10 goblins
  5 hobgoblins
  A quokka (D:2)
  7 kobolds (D:1)
  4 rats
33 creatures vanquished.

Notes
Turn   | Place    | Note
-------+----------+-------------------------------------------
     0 | D:1      | prawnwizard the Demonspawn Gladiator began the quest for the Orb.
     0 | D:1      | Reached XP level 1. HP: 16/16 MP: 1/1
   238 | D:1      | Gained mutation: You have a pair of small horns on your head. [demonic ancestry]
   238 | D:1      | Reached XP level 2. HP: 22/22 MP: 2/2
   961 | D:2      | Gained mutation: You are partially covered in slimy green scales. (AC +2) [demonic ancestry]
   961 | D:2      | Reached XP level 3. HP: 20/28 MP: 3/3
   971 | D:2      | Noticed Robin
   989 | D:2      | Killed Robin
  1212 | D:2      | Killed from afar by an orc priest

Vault maps used:
D:1:      minmay_arrival_floating_metal
D:2:      cheibrodos_pilgrimage, overflow_temple_1_default, marbit_many_paths,
          minmay_misc_feat_plants, uniq_robin

Skill      XL: |  1  2 |
---------------+-------+-----
Long Blades    | 3 |  3.5
Dodging        | 3 |  3.1
Fighting       | |  2.6
Throwing       | |  1.7

Action                   || total
-------------------------++-------
Melee: Long sword        ||    72
       Headbutt          ||    13
  Eat: Chunk             ||     1
Armor: Ring mail         ||    31
Dodge: Dodged            ||    73
       Rpst.: Long sword ||    19

Table legend:
 A = Spawn XP
 B = Non-spawn XP
 C = Spawn XP percentage of total XP
 D = Spawn monster count
 E = Non-spawn monster count
 F = Spawn count percentage of total count
 G = Total turns spent on level
                    A         B        C        D         E        F      G
               +---------+---------+-------+---------+---------+-------+---------
         Total |       0 |      75 |   0.0 |       0 |      33 |   0.0 |  1212
               +---------+---------+-------+---------+---------+-------+---------
           D:1 |       0 |      24 |   0.0 |       0 |      14 |   0.0 |   913
           D:2 |       0 |      51 |   0.0 |       0 |      19 |   0.0 |   299
               +---------+---------+-------+---------+---------+-------+---------
